 Dungeon Crawl Stone Soup version 0.18.1-48-g4cf74bf (webtiles) character file.

354 MaCx the Basher (level 6, -5/51 HPs)
             Began as a Minotaur Fighter on Aug 28, 2016.
             Killed by divine providence
             ... invoked by an orc priest
              (9 damage)
             ... on level 3 of the Dungeon.
             The game lasted 00:12:00 (2227 turns).

MaCx the Basher (Minotaur Fighter)                  Turns: 2227, Time: 00:12:01

Health: -5/51      AC: 13    Str: 22    XL:     6   Next: 35%
Magic:  5/5        EV:  7    Int:  5    God:
Gold:   219        SH:  9    Dex: 10    Spells: 0 memorised, 5 levels left

rFire  . . .     SeeInvis .     q - +0 morningstar (protect)
rCold  . . .     Gourm    .     b - +0 scale mail
rNeg   . . .     Faith    .     c - +0 shield
rPois  .         Spirit   .     (helmet restricted)
rElec  .         Dismiss  .     g - +0 cloak
rCorr  .         Reflect  .     (no gloves)
SustAt +         Harm     .     (no boots)
MR     .....                    (no amulet)
Stlth  ..........               v - ring of sustain attributes
                                r - ring of sustain attributes

@: not resistant to hostile enchantments, extremely unstealthy
A: retaliatory headbutt, horns 2
a: no special abilities


You were on level 3 of the Dungeon.
You were not hungry.

You visited 1 branch of the dungeon, and saw 3 of its levels.

You collected 219 gold pieces.

Inventory:

Hand Weapons
 a - a +0 flail
 q - a +0 morningstar of protection (weapon)
Missiles
 s - 2 tomahawks (quivered)
Armour
 b - a +0 scale mail (worn)
 c - a +0 shield (worn)
 g - a +0 cloak (worn)
Jewellery
 r - a ring of sustain attributes (left hand)
 v - a ring of sustain attributes (right hand)
Scrolls
 h - 2 scrolls of remove curse
 i - 2 scrolls of enchant armour {unknown}
 j - a scroll of teleportation {unknown}
 l - a scroll of noise {unknown}
 m - a scroll of recharging {unknown}
Potions
 d - a potion of might
 e - 2 potions of brilliance {unknown}
 k - a potion of cancellation {unknown}
 n - 2 potions of agility {unknown}
 o - a potion of cure mutation
 p - a potion of lignification {unknown}
 w - a potion of resistance {unknown}
Comestibles
 f - 2 bread rations
 t - a slice of pizza
 u - 5 chunks of flesh


   Skills:
 - Level 3.6 Fighting
 + Level 8.2 Maces & Flails
 - Level 3.6 Armour
 - Level 3.6 Shields


You had 5 spell levels left.
You didn't know any spells.

Dungeon Overview and Level Annotations

Branches:
Dungeon (3/15)

Altars:


Innate Abilities, Weirdness & Mutations

You reflexively headbutt those who attack you in melee.
You have a pair of horns on your head.


Message History

You puncture the orc priest!
The orc priest is almost dead.
The orc priest mumbles some strange prayers to Beogh against you.
Beogh smites you!
* * * LOW HITPOINT WARNING * * *
You hear a shout! x2
You hit the orc priest but do no damage.
You headbutt the orc priest.
You kill the orc priest!
The orc priest hits you.
* * * LOW HITPOINT WARNING * * *
You closely miss the orc priest. The orc priest hits you.
* * * LOW HITPOINT WARNING * * *
You block the orc's attack.
The orc priest hits you but does no damage.
You hit the orc priest but do no damage.
You block the orc's attack.
The orc priest calls down the wrath of Beogh upon you.
Beogh smites you!
You die...

############........#
#............#####
#................#
###................#
...................#
....o..............#
...................#
#Koo.........#
#)#@.........#
...o...)#.##########
##.######.# #.# #..
##. .. .. ...


You could see an orc priest, 2 orcs and a kobold.

Vanquished Creatures
  An ogre (D:3)
  The ghost of Noshyer the Shooter, a weakling HEHu (D:3)
  2 orc priests (D:3)
  2 orc wizards (D:3)
  Terence (D:3)
  2 adders
  2 oozes (D:3)
  2 dart slugs
  11 orcs (D:3)
  2 ball pythons (D:3)
  8 bats
  4 giant cockroaches
  6 hobgoblins
  4 giant newts
  10 kobolds
  8 rats
66 creatures vanquished.

Notes
Turn   | Place    | Note
--------------------------------------------------------------
     0 | D:1      | MaCx the Minotaur Fighter began the quest for the Orb.
     0 | D:1      | Reached XP level 1. HP: 19/19 MP: 0/0
    46 | D:1      | Reached skill level 3 in Maces & Flails
   122 | D:1      | Reached XP level 2. HP: 24/26 MP: 1/1
   328 | D:1      | Reached skill level 4 in Maces & Flails
   491 | D:1      | Reached XP level 3. HP: 27/31 MP: 2/2
  1607 | D:3      | Noticed Noshyer's ghost (weakling HEHu)
  1608 | D:3      | Noticed an ogre
  1618 | D:3      | Killed Noshyer's ghost
  1618 | D:3      | Reached skill level 5 in Maces & Flails
  1618 | D:3      | Reached XP level 4. HP: 38/39 MP: 3/3
  1638 | D:3      | Killed an ogre
  1638 | D:3      | Reached skill level 6 in Maces & Flails
  1638 | D:3      | Reached XP level 5. HP: 29/45 MP: 4/4
  1771 | D:3      | Reached skill level 7 in Maces & Flails
  1811 | D:3      | Noticed Terence
  1826 | D:3      | Killed Terence
  1826 | D:3      | Reached XP level 6. HP: 7/51 MP: 5/5
  2166 | D:3      | Reached skill level 8 in Maces & Flails
  2227 | D:3      | Killed from afar by an orc priest

Skill      XL: |  1  2  3  4  5  6 |
---------------+-------------------+-----
Maces & Flails | 3 4 5 6 7 8 |  8.2
Fighting       | |  3.6
Armour         | |  3.6
Shields        | |  3.6

Action                   |  1- 3 |  4- 6 || total
-------------------------+-------+-------++-------
Melee: Flail             |   101 |    55 ||   156
       Headbutt          |    10 |    11 ||    21
       Morningstar       |       |    22 ||    22
  Use: Potion            |       |     2 ||     2
       Scroll            |       |     1 ||     1
  Eat: Chunk             |     2 |     2 ||     4
Armor: Scale mail        |    60 |    16 ||    76
Dodge: Dodged            |    35 |    19 ||    54
Block: Shield            |    57 |    32 ||    89
